 Dungeon Crawl Stone Soup version 0.26.0-10-g1f06aea511 (webtiles) character file.

Game seed: 13186538474790872286

106461 MisterFreud the Slicer (level 16, -10/193 HPs)
             Began as a Gnoll Berserker on Jan 16, 2021.
             Was a High Priest of Trog.
             Killed from afar by a balrug (25 damage)
             ... with a bolt of fire
             ... summoned by Asterion
             ... on level 2 of the Snake Pit.
             The game lasted 00:50:00 (32540 turns).

MisterFreud the Slicer (Gnoll Berserker)           Turns: 32540, Time: 00:50:01

Health: -10/193    AC: 20    Str: 26    XL:     16   Next: 44%
Magic:  30/30      EV: 19    Int: 11    God:    Trog [*****.]
Gold:   2903       SH: 13    Dex: 17    Spells: 36/36 levels left

rFire    . . .     SeeInvis +   d - +2 short sword (elec)
rCold    + . .     Faith    .   V - +0 kite shield {rC+}
rNeg     . . .     Spirit   .   c - +0 chain mail
rPois    +         Reflect  .   y - +1 helmet of the Known World {rPois}
rElec    .         Harm     .   A - +1 cloak
rCorr    .         Rampage  .   N - +2 pair of gloves {Dex+3}
Will     +++..                  (no boots)
Stlth    ..........             (no amulet)
HPRegen  1.42/turn              I - +4 ring of evasion
MPRegen  0.22/turn              b - ring of see invisible

@: berserking, regenerating, very quick
A: distributed training, fangs 1, strong nose
a: Renounce Religion, Berserk, Trog's Hand, Brothers in Arms


You were on level 2 of the Snake Pit.
You worshipped Trog.
Trog was extremely pleased with you.
You visited 5 branches of the dungeon, and saw 26 of its levels.
You also visited: Ice Cave.

You collected 2903 gold pieces.

Inventory:

Hand Weapons
 d - a +2 short sword of electrocution (weapon)
 C - a +0 demon blade
 U - a +4 rapier of draining
Missiles
 k - 104 poisoned darts
 q - a throwing net
 r - 23 boomerangs
 s - 8 atropa-tipped darts
 F - 15 boomerangs of dispersal
Armour
 c - a +0 chain mail (worn)
 y - the +1 helmet of the Known World (worn) {rPois}
   (You found it on level 5 of the Dungeon)

   It protects you from poison.
 A - a +1 cloak (worn)
 N - a +2 pair of gloves of dexterity (worn)
 V - a +0 kite shield of cold resistance (worn)
Jewellery
 b - a ring of see invisible (right hand)
 G - an uncursed ring of ice
 I - a +4 ring of evasion (left hand)
 O - an uncursed ring of resist corrosion
 T - a +6 ring of strength
 X - the amulet "Zoliept" {rElec rC++ Will- Regen+ Str+3}
   (You acquired it on level 13 of the Dungeon)

   [amulet of regeneration]

   It affects your strength (+3).
   It greatly protects you from cold.
   It insulates you from electricity.
   It affects your willpower, your defense against some magical effects.
   It increases your rate of regeneration.
Wands
 v - a wand of acid (18)
 w - a wand of enslavement (26)
 z - a wand of digging (6)
 H - a wand of disintegration (20)
 L - a wand of polymorph (23)
 R - a wand of flame (21)
 S - a wand of iceblast (33)
Scrolls
 e - 3 scrolls of magic mapping
 g - 4 scrolls of blinking
 i - 5 scrolls of identify
 j - 10 scrolls of remove curse
 m - 18 scrolls of teleportation
 D - 2 scrolls of enchant armour
 K - a scroll of fog
 P - a scroll of enchant weapon
 Q - 2 scrolls of fear
 Z - 2 scrolls of torment
Potions
 a - a potion of cancellation
 f - 5 potions of degeneration
 h - a potion of haste
 l - a potion of mutation
 n - 7 potions of might
 o - 12 potions of curing
 p - 2 potions of lignification
 t - 4 potions of heal wounds
 u - 6 potions of berserk rage
 x - 6 potions of attraction
 B - 6 potions of flight
 E - 2 potions of invisibility
 W - 6 potions of ambrosia
Miscellaneous
 M - a lightning rod (4/4)
 Y - a tin of tremorstones (2/2)


   Skills:
 + Level 12.4 Fighting
 + Level 12.4 Short Blades
 + Level 10.8 Long Blades
 + Level 10.8 Axes
 + Level 10.8 Maces & Flails
 + Level 10.8 Polearms
 + Level 10.8 Staves
 + Level 10.8 Slings
 + Level 10.8 Bows
 + Level 10.8 Crossbows
 + Level 10.8 Throwing
 + Level 11.6 Armour
 + Level 11.6 Dodging
 + Level 10.8 Stealth
 + Level 10.8 Shields
 + Level 10.8 Unarmed Combat
 + Level 10.8 Spellcasting
 + Level 9.2 Conjurations
 + Level 9.2 Hexes
 + Level 9.2 Summonings
 + Level 9.2 Necromancy
 + Level 9.2 Translocations
 + Level 9.2 Transmutations
 + Level 9.2 Fire Magic
 + Level 9.2 Ice Magic
 + Level 9.2 Air Magic
 + Level 9.2 Earth Magic
 + Level 9.2 Poison Magic
 + Level 11.7 Invocations
 + Level 10.8 Evocations


You had 36 spell levels left.
You didn't know any spells.
Your spell library was empty.

Dungeon Overview and Level Annotations

Branches:
Dungeon (15/15)            Temple (0/1) D:4            Lair (6/6) D:10
  Swamp (1/4) Lair:4        Snake (2/4) Lair:3        Slime (0/5) Lair:5
    Orc (2/2) D:10            Elf (0/3) Orc:2        Vaults (0/5) D:14
 Depths (0/5) D:15          IceCv (visited)

Altars:
Fedhas
Gozag
Nemelex Xobeh
Okawaru
Sif Muna
Vehumet
Wu Jian
Yredelemnul
Zin
Beogh
Jiyva

Shops:
D:9 *   D:10 [(   Orc:2 :(=(

Portals:
Abyss: Lair:6

Annotations:
D:3 2 runed translucent doors, zkyp's ghost, novice FoFE
D:9 exclusion: oklob plant
D:12 2 transporters, MajorAdolf's ghost, journeyman NaWn
Lair:6 2 transporters, Nattefrost's ghost, journeyman MfMo
Snake:1 3 runed translucent doors, 1 transporter, Ousak's ghost, adept OpTm
Snake:2 Asterion


Innate Abilities, Weirdness & Mutations

Your experience applies equally to all skills.
You have very sharp teeth.
Your uncanny sense of smell can sniff out nearby items.


Message History

* * * LOW HITPOINT WARNING * * *
The fireball engulfs the balrug.
The balrug completely resists.
You puncture the balrug! You bite the balrug.
The balrug is heavily wounded.
You impale the balrug!!
The balrug is almost dead.
The balrug hits you with a +2 demon whip of freezing!
* * * LOW HITPOINT WARNING * * *
You are engulfed in flames!!
* * * LOW HITPOINT WARNING * * *
The balrug freezes you.
* * * LOW HITPOINT WARNING * * *
Unknown command.
You barely miss the balrug.
The balrug is almost dead.
You closely miss the balrug. You bite the balrug.
The balrug is almost dead.
The balrug gestures at you. The bolt of fire hits you!!
You die...

##.....## #.#...#.#
#.#...#.# #.#.8.#.#
#.#...#.# #.#...#.#
##.....## ###'###
#######....@## ####
##.8.##.#####2##.8.##
#.....#......H#.....#
#8.<..'...8...'..2.8#
#.....#.....[.#.....#
##.8.##.#####.##.8.##
#######.....## ####
###+###


You could see Asterion (fast) and a balrug (summoned).

Vanquished Creatures
  Gastronok (D:9)
  A frost giant (IceCv)
  4 dire elephants (Lair:6)
  2 entropy weavers (Lair:5)
  Snorg (Lair:4)
  2 vault guards (D:14)
  A boulder beetle (Lair:1)
  Fannar (Lair:1)
  7 hydras
  A naga warrior (Snake:1)
  2 centaur warriors (D:15)
  A death knight (D:14)
  4 anacondas
  Erica (D:9)
  3 two-headed ogres
  An orc high priest (Orc:2)
  5 naga sharpshooters (Snake:1)
  A shock serpent (Snake:1)
  A queen ant (Lair:5)
  5 skeletal warriors (D:14)
  3 wizards
  A wolf spider zombie (D:15)
  3 orc knights
  5 orc sorcerers (Orc:2)
  8 ugly things
  3 necromancers
  2 manticores
  2 deep elf magi
  2 cyclopes
  2 salamanders (Snake:1)
  An ice statue (IceCv)
  8 elephants
  6 black mambas
  3 naga magi
  4 centaur zombies
  Psyche (D:8)
  11 cane toads
  3 rime drakes
  8 komodo dragons
  A harpy skeleton (D:15)
  A queen bee (Lair:1)
  7 trolls
  18 polar bears
  2 hornets
  Prince Ribbit (D:6)
  12 blink frogs
  6 slime creatures (D:15)
  A vampire (D:15)
  2 wraiths
  67 yaks
  2 basilisks
  A human (shapeshifter) (D:14)
  6 wyverns
  Grum (Lair:1)
  19 humans
  3 vampire mosquitoes (D:14)
  An acid dragon (D:13)
  5 nagas
  3 wargs
  14 water moccasins
  24 soldier ants
  11 sky beasts
  4 black bears
  3 ice beasts
  An eye of draining (D:11)
  29 orc warriors
  11 ogres
  11 wolves
  16 centaurs
  A necrophage (D:10)
  3 phantoms
  5 big kobolds
  31 bullfrogs
  2 hornet simulacra (D:15)
  2 scorpions
  2 water moccasin skeletons (D:5)
  13 wights
  28 killer bees
  5 howler monkeys
  A bullfrog zombie (D:11)
  10 hounds
  37 orc wizards
  37 orc priests
  10 centaur skeletons
  5 jellies
  2 bullfrog skeletons (D:5)
  4 iguanas
  34 worker ants
  2 killer bee zombies
  2 hound skeletons
  A howler monkey zombie (D:10)
  2 worker ant zombies
  15 gnolls
  8 adders
  5 shadow imps
  An ufetubus (D:6)
  3 oozes
  An adder skeleton (D:9)
  3 worms
  A dart slug (D:2)
  6 leopard geckos
  115 orcs
  12 giant cockroaches
  6 goblins
  13 hobgoblins
  6 jackals
  5 quokkas
  6 bats
  8 frilled lizards
  26 kobolds
  A quokka skeleton (D:10)
  9 rats
893 creatures vanquished.

Vanquished Creatures (collateral kills)
  A dire elephant (Lair:6)
  A naga ritualist (Snake:1)
  4 naga magi (Snake:1)
  2 black mambas (Snake:1)
8 creatures vanquished.

Vanquished Creatures (others)
  An orc wizard (Orc:2)
  A bat (D:3)
  10 bushes (Lair:6)
  35 fungi
  84 plants
131 creatures vanquished.

Grand Total: 1032 creatures vanquished

Notes
Turn   | Place    | Note
-------+----------+-------------------------------------------
     0 | D:1      | MisterFreud the Gnoll Berserker began the quest for the
                  | Orb.
     0 | D:1      | Reached XP level 1. HP: 23/23 MP: 1/1
   300 | D:1      | Reached XP level 2. HP: 29/29 MP: 2/2
   597 | D:1      | Reached ** piety under Trog
   598 | D:1      | Reached XP level 3. HP: 35/35 MP: 3/3
  1032 | D:2      | Reached skill level 1 in Invocations
  1284 | D:2      | Reached skill level 1 in Long Blades
  1284 | D:2      | Reached skill level 1 in Axes
  1284 | D:2      | Reached skill level 1 in Maces & Flails
  1284 | D:2      | Reached skill level 1 in Polearms
  1284 | D:2      | Reached skill level 1 in Staves
  1284 | D:2      | Reached skill level 1 in Slings
  1284 | D:2      | Reached skill level 1 in Bows
  1284 | D:2      | Reached skill level 1 in Crossbows
  1284 | D:2      | Reached skill level 1 in Throwing
  1284 | D:2      | Reached skill level 1 in Stealth
  1284 | D:2      | Reached skill level 1 in Shields
  1284 | D:2      | Reached skill level 1 in Unarmed Combat
  1284 | D:2      | Reached skill level 1 in Spellcasting
  1284 | D:2      | Reached skill level 1 in Evocations
  1693 | D:2      | Reached XP level 4. HP: 31/41 MP: 5/5
  1979 | D:2      | Reached skill level 1 in Conjurations
  1979 | D:2      | Reached skill level 1 in Hexes
  1979 | D:2      | Reached skill level 1 in Summonings
  1979 | D:2      | Reached skill level 1 in Necromancy
  1979 | D:2      | Reached skill level 1 in Translocations
  1979 | D:2      | Reached skill level 1 in Transmutations
  1979 | D:2      | Reached skill level 1 in Fire Magic
  1979 | D:2      | Reached skill level 1 in Ice Magic
  1979 | D:2      | Reached skill level 1 in Air Magic
  1979 | D:2      | Reached skill level 1 in Earth Magic
  1979 | D:2      | Reached skill level 1 in Poison Magic
  2235 | D:3      | Reached XP level 5. HP: 33/47 MP: 5/7
  2380 | D:3      | Reached *** piety under Trog
  2703 | D:3      | Found a large runed translucent door.
  2703 | D:3      | Found a large runed translucent door.
  2704 | D:3      | Noticed zkyp's ghost (novice FoFE)
  2728 | D:3      | Reached XP level 6. HP: 38/53 MP: 8/8
  3266 | D:4      | Found a staircase to the Ecumenical Temple.
  3299 | D:4      | Reached skill level 5 in Armour
  3299 | D:4      | Reached skill level 5 in Dodging
  3570 | D:4      | Reached XP level 7. HP: 37/59 MP: 10/10
  4400 | D:5      | Entered Level 5 of the Dungeon
  4577 | D:5      | Got an ichor-stained helmet
  4583 | D:5      | Identified the +1 helmet of the Known World {rPois} (You
                  | found it on level 5 of the Dungeon)
  4623 | D:5      | Reached **** piety under Trog
  4802 | D:5      | Found an ornate altar of the Wu Jian Council.
  4930 | D:5      | Reached XP level 8. HP: 67/67 MP: 12/12
  5296 | D:5      | Found an iron altar of Okawaru.
  5741 | D:5      | Found a sparkling altar of Nemelex Xobeh.
  5880 | D:5      | Reached XP level 9. HP: 59/73 MP: 14/14
  6401 | D:6      | Noticed Prince Ribbit
  6414 | D:6      | Killed Prince Ribbit
  6414 | D:6      | Reached ***** piety under Trog
  7536 | D:7      | Reached skill level 5 in Invocations
  7925 | D:7      | Reached XP level 10. HP: 80/80 MP: 17/17
  8136 | D:7      | Found a glowing silver altar of Zin.
  8138 | D:7      | Found a basalt altar of Yredelemnul.
  8260 | D:7      | Reached skill level 5 in Long Blades
  8260 | D:7      | Reached skill level 5 in Axes
  8260 | D:7      | Reached skill level 5 in Maces & Flails
  8260 | D:7      | Reached skill level 5 in Polearms
  8260 | D:7      | Reached skill level 5 in Staves
  8260 | D:7      | Reached skill level 5 in Slings
  8260 | D:7      | Reached skill level 5 in Bows
  8260 | D:7      | Reached skill level 5 in Crossbows
  8260 | D:7      | Reached skill level 5 in Throwing
  8260 | D:7      | Reached skill level 5 in Stealth
  8260 | D:7      | Reached skill level 5 in Shields
  8260 | D:7      | Reached skill level 5 in Unarmed Combat
  8260 | D:7      | Reached skill level 5 in Spellcasting
  8260 | D:7      | Reached skill level 5 in Evocations
  9001 | D:8      | Received a gift from Trog
  9175 | D:8      | Noticed Psyche
  9189 | D:8      | Killed Psyche
  9499 | D:8      | Noticed a two-headed ogre
  9508 | D:8      | Killed a two-headed ogre
  9898 | D:9      | Found a roughly hewn altar of Beogh.
  9968 | D:9      | Reached XP level 11. HP: 33/87 MP: 19/19
 10253 | D:9      | Found Gozag's Platinum Reserve.
 10566 | D:9      | Noticed Gastronok
 10581 | D:9      | Killed Gastronok
 10582 | D:9      | Reached skill level 5 in Conjurations
 10582 | D:9      | Reached skill level 5 in Hexes
 10582 | D:9      | Reached skill level 5 in Summonings
 10582 | D:9      | Reached skill level 5 in Necromancy
 10582 | D:9      | Reached skill level 5 in Translocations
 10582 | D:9      | Reached skill level 5 in Transmutations
 10582 | D:9      | Reached skill level 5 in Fire Magic
 10582 | D:9      | Reached skill level 5 in Ice Magic
 10582 | D:9      | Reached skill level 5 in Air Magic
 10582 | D:9      | Reached skill level 5 in Earth Magic
 10582 | D:9      | Reached skill level 5 in Poison Magic
 10683 | D:9      | Noticed Erica
 10693 | D:9      | Killed Erica
 11117 | D:9      | Found an opulent altar of Gozag.
 11141 | D:9      | Found a blossoming altar of Fedhas.
 11159 | D:9      | Noticed an oklob plant
 11297 | D:10     | Entered Level 10 of the Dungeon
 11388 | D:10     | Found Daosieh's Weapon Boutique.
 11390 | D:10     | Found a staircase to the Orcish Mines.
 11674 | D:10     | Found Maiwiri's Armour Boutique.
 11935 | D:10     | Found a staircase to the Lair.
 12307 | D:11     | Noticed a manticore
 12318 | D:11     | Killed a manticore
 12459 | D:11     | Noticed a cyclops
 12475 | D:11     | Killed a cyclops
 12476 | D:11     | Reached XP level 12. HP: 46/96 MP: 22/22
 13002 | D:11     | Noticed a seven-headed hydra
 13018 | D:11     | Killed a seven-headed hydra
 13629 | D:12     | Noticed a two-headed ogre
 13639 | D:12     | Killed a two-headed ogre
 13639 | D:12     | Received a gift from Trog
 13683 | D:12     | Found a transporter.
 13685 | D:12     | Noticed a vampire knight
 13687 | D:12     | Noticed MajorAdolf's ghost (journeyman NaWn)
 13689 | D:12     | Noticed a two-headed ogre
 13689 | D:12     | a sea snake changed into a two-headed ogre
 13689 | D:12     | Noticed a death knight
 13692 | D:12     | a two-headed ogre changed into a wolf spider
 13693 | D:12     | Noticed an ettin
 13693 | D:12     | a wolf spider changed into an ettin
 13756 | D:12     | Found an ornate altar of the Wu Jian Council.
 13996 | D:12     | Found a transporter.
 14224 | Lair:1   | Entered Level 1 of the Lair of Beasts
 14381 | Lair:1   | Noticed Grum
 14386 | Lair:1   | Killed Grum
 14670 | Lair:1   | Found a frozen archway.
 14691 | IceCv    | Entered an ice cave
 14980 | IceCv    | Reached skill level 10 in Fighting
 14980 | IceCv    | Reached skill level 10 in Short Blades
 15697 | IceCv    | Noticed a frost giant
 15734 | IceCv    | Killed a frost giant
 15735 | IceCv    | Reached XP level 13. HP: 85/103 MP: 24/24
 15838 | IceCv    | Found the +8 Wrath of Trog {antimagic, *Rage}
 15964 | Lair:1   | Got a transparent kite shield
 15970 | Lair:1   | Identified the cursed -8 kite shield of Red Divine
                  | Compulsion {rPois rN+} (You found it on level 1 of the Lair
                  | of Beasts)
 16344 | Lair:1   | Noticed Fannar
 16374 | Lair:1   | Killed Fannar
 16997 | Lair:2   | Got a scorched ring mail
 17008 | Lair:2   | Identified the cursed +1 ring mail "Kecoefil" {Int+2} (You
                  | found it on level 2 of the Lair of Beasts)
 18193 | Lair:3   | Found a staircase to the Snake Pit.
 19263 | Lair:4   | Noticed Snorg
 19286 | Lair:4   | Killed Snorg
 19309 | Lair:4   | Found a staircase to the Swamp.
 19783 | Swamp:1  | Entered Level 1 of the Swamp
 20173 | Lair:4   | Reached XP level 14. HP: 104/111 MP: 26/26
 20244 | Lair:5   | Noticed an entropy weaver
 20277 | Lair:5   | Noticed an entropy weaver
 20294 | Lair:5   | Killed an entropy weaver
 20295 | Lair:5   | Reached skill level 10 in Armour
 20295 | Lair:5   | Reached skill level 10 in Dodging
 20857 | Lair:5   | Killed an entropy weaver
 21024 | Lair:5   | Reached skill level 10 in Invocations
 21380 | Lair:5   | Received a gift from Trog
 21752 | Lair:5   | Found a viscous altar of Jiyva.
 21752 | Lair:5   | Found a staircase to the Slime Pits.
 21753 | Lair:5   | Found a runed translucent door.
 21797 | Lair:6   | Entered Level 6 of the Lair of Beasts
 21864 | Lair:6   | Identified the cursed +1 trident of Distraction {distort,
                  | rC+ Dex+2}
 21927 | Lair:6   | Noticed a cyan very ugly thing
 21998 | Lair:6   | Found a transporter.
 22861 | Lair:6   | Found a one-way gate to the infinite horrors of the Abyss.
 22861 | Lair:6   | Noticed Nattefrost's ghost (journeyman MfMo)
 22873 | Lair:6   | Found a transporter.
 23307 | Lair:6   | Noticed a dire elephant
 23307 | Lair:6   | Noticed a dire elephant
 23326 | Lair:6   | Killed a dire elephant
 23340 | Lair:6   | Noticed a dire elephant
 23346 | Lair:6   | Killed a dire elephant
 23348 | Lair:6   | Killed a dire elephant
 23364 | Lair:6   | Got a bronze ring mail
 23365 | Lair:6   | Identified the cursed +1 ring mail of Calculation {+Fly
                  | Regen+} (You found it on level 6 of the Lair of Beasts)
 23368 | Lair:6   | Identified the Guide on the Hurtful Birds
 23465 | Lair:6   | Noticed a dire elephant
 23486 | Lair:6   | Killed a dire elephant
 23691 | Lair:6   | Noticed a dire elephant
 23705 | Lair:6   | Killed a dire elephant
 24070 | D:13     | Identified a scroll of acquirement
 24070 | D:13     | Acquired the amulet "Zoliept" {rElec rC++ Will- Regen+
                  | Str+3}
 24140 | D:13     | Reached XP level 15. HP: 119/119 MP: 28/28
 25305 | D:14     | Reached skill level 10 in Long Blades
 25305 | D:14     | Reached skill level 10 in Axes
 25305 | D:14     | Reached skill level 10 in Maces & Flails
 25305 | D:14     | Reached skill level 10 in Polearms
 25305 | D:14     | Reached skill level 10 in Staves
 25305 | D:14     | Reached skill level 10 in Slings
 25305 | D:14     | Reached skill level 10 in Bows
 25305 | D:14     | Reached skill level 10 in Crossbows
 25305 | D:14     | Reached skill level 10 in Throwing
 25305 | D:14     | Reached skill level 10 in Stealth
 25305 | D:14     | Reached skill level 10 in Shields
 25305 | D:14     | Reached skill level 10 in Unarmed Combat
 25305 | D:14     | Reached skill level 10 in Spellcasting
 25305 | D:14     | Reached skill level 10 in Evocations
 25930 | D:14     | Received a gift from Trog
 26003 | D:14     | Found a gate to the Vaults.
 26333 | D:15     | Entered Level 15 of the Dungeon
 27325 | D:15     | Paralysed by a wizard for 3 turns
 27351 | D:15     | Found a staircase to the Depths.
 28006 | Orc:1    | Entered Level 1 of the Orcish Mines
 28248 | Orc:1    | Received a gift from Trog
 28658 | Orc:2    | Entered Level 2 of the Orcish Mines
 28706 | Orc:1    | Reached XP level 16. HP: 127/127 MP: 30/30
 29343 | Orc:2    | Found a radiant altar of Vehumet.
 29630 | Orc:2    | Reached ****** piety under Trog
 29633 | Orc:2    | Received a gift from Trog
 29806 | Orc:2    | Found Miegg's Jewellery Shoppe.
 29806 | Orc:2    | Found Juagruq's Antique Weapon Shoppe.
 29806 | Orc:2    | Found Suxaf's Weapon Emporium.
 29809 | Orc:2    | Found Ulysirph's Book Emporium.
 30419 | Orc:2    | Found a staircase to the Elven Halls.
 30777 | Snake:1  | Entered Level 1 of the Snake Pit
 30940 | Snake:1  | Found a runed translucent gate.
 30941 | Snake:1  | Found a runed translucent gate.
 30941 | Snake:1  | Found a runed translucent gate.
 31129 | Snake:1  | Noticed Ousak's ghost (adept OpTm)
 31248 | Snake:1  | Found a transporter.
 31249 | Snake:1  | Noticed a nagaraja
 31841 | Snake:1  | Noticed a nagaraja
 31842 | Snake:1  | Noticed a nagaraja
 32232 | Snake:1  | Found a shimmering blue altar of Sif Muna.
 32515 | Snake:2  | Noticed Asterion
 32540 | Snake:2  | Killed from afar by a balrug

Illustrated notes

Levels and vault maps discovered:
D:1:      dpeg_arrival_chambers_temple_mockup, layout_basic, bh_walls_and_bars
D:2:      layout_loops_cross
D:3:      layout_rooms, ebering_ghost_disaster_area, palyth_stone_intersect
D:4:      layout_basic, minmay_temple_entry_drinking_statues
D:5:      minmay_bubble_buster, layout_basic, kennysheep_little_box,
          lemuel_round_altar, basic_altar, patterned_corridor
D:6:      layout_basic, lightli_orcish_oven, uniq_prince_ribbit1
D:7:      kennysheep_spiral_hall, layout_basic, minitemple,
          minmay_unpleasant_kobolds
D:8:      layout_loops_ring, uniq_psyche
D:9:      layout_roguey [special_room_orc], nicolae_gozag_zags_fifth_avenue,
          tgw_fedhas, serial_rivers, chequers_serial_rivers_large_a,
          chequers_serial_rivers_room_a, chequers_serial_rivers_room_b,
          chequers_serial_rivers_small_b, minivault_10, uniq_erica,
          uniq_gastronok
D:10:     layout_rooms, lair_entry_dummy, orc_david_3
D:11:     layout_basic
D:12:     layout_roguey, gammafunk_ghost_arena, lemuel_tele_altar
D:13:     layout_irregular_city
D:14:     layout_gridville, grunt_vaults_entry_tiered, serial_glass,
          glass_columns_c, glass_columns_c, hangedman_decor_opposing
D:15:     grunt_enter_depths_magical_seal, layout_rooms, grunt_decor_resistance,
          minmay_crystal_water, lemuel_flamethrower_1
Lair:1:   layout_long_grid, special_room [special_room_bee],
          portal_ice_cave_entry_pillars_1, small_statue_intersection,
          nzn_sisyphean_effort, uniq_fannar, uniq_grum
Lair:2:   layout_long_grid, nicolae_lair_grove_arrangements, st_stairs_10
Lair:3:   layout_roguey, guppyfry_snake_entry_garden, lemuel_fruit_tree,
          serial_bayou_shore_b, grunt_megastairs_4, lemuel_fruit_fields
Lair:4:   layout_hall_layers, swamp_mist, lemuel_fruit_fields,
          infiniplex_staircase_pool_2, serial_bayou_shore_b, uniq_snorg
Lair:5:   layout_regular_city, slime_altar_2, st_stairs_13, minivault_29
Lair:6:   due_jungle_book, layout_layer_cave, serial_forest,
          infiniplex_forest_side_room, infiniplex_forest_straight_4,
          infiniplex_forest_lined_3, infiniplex_forest_lined_corner,
          infiniplex_forest_end_2, infiniplex_forest_end_2,
          infiniplex_forest_clump_tiny, infiniplex_forest_lined_room_,
          infiniplex_forest_clump_double, gammafunk_ghost_abyssal_escape,
          grunt_forest_stairs_basic, grunt_forest_small_clearings
Swamp:1:  layout_basic_swamp, evilmike_swamp_ruin_rubble_2, swamp_pool1,
          nicolae_swamp_trees_clearing
Snake:1:  gammafunk_sealed_library, layout_chambers, gammafunk_ghost_necromancy
Snake:2:  layout_chambers, gammafunk_ghost_abyssal_escape, grunt_megastairs_1,
          uniq_asterion
Orc:1:    layout_caves, nicolae_orc_stony_grotto
Orc:2:    st_orc_mages, layout_caves, basic_altar

Skill      XL: |  1  2  3  4  5  6  7  8  9 10 11 12 13 14 15 16 |
---------------+-------------------------------------------------+-----
Invocations    | 1 2 3 4 5 6 7 8 9 10 11 | 11.7
Long Blades    | 1 2 3 4 5 6 7 8 9 10 | 10.8
Axes           | 1 2 3 4 5 6 7 8 9 10 | 10.8
Maces & Flails | 1 2 3 4 5 6 7 8 9 10 | 10.8
Polearms       | 1 2 3 4 5 6 7 8 9 10 | 10.8
Staves         | 1 2 3 4 5 6 7 8 9 10 | 10.8
Slings         | 1 2 3 4 5 6 7 8 9 10 | 10.8
Bows           | 1 2 3 4 5 6 7 8 9 10 | 10.8
Crossbows      | 1 2 3 4 5 6 7 8 9 10 | 10.8
Throwing       | 1 2 3 4 5 6 7 8 9 10 | 10.8
Stealth        | 1 2 3 4 5 6 7 8 9 10 | 10.8
Shields        | 1 2 3 4 5 6 7 8 9 10 | 10.8
Unarmed Combat | 1 2 3 4 5 6 7 8 9 10 | 10.8
Spellcasting   | 1 2 3 4 5 6 7 8 9 10 | 10.8
Evocations     | 1 2 3 4 5 6 7 8 9 10 | 10.8
Conjurations   | 1 2 3 4 5 6 7 8 9 |  9.2
Hexes          | 1 2 3 4 5 6 7 8 9 |  9.2
Summonings     | 1 2 3 4 5 6 7 8 9 |  9.2
Necromancy     | 1 2 3 4 5 6 7 8 9 |  9.2
Translocations | 1 2 3 4 5 6 7 8 9 |  9.2
Transmutations | 1 2 3 4 5 6 7 8 9 |  9.2
Fire Magic     | 1 2 3 4 5 6 7 8 9 |  9.2
Ice Magic      | 1 2 3 4 5 6 7 8 9 |  9.2
Air Magic      | 1 2 3 4 5 6 7 8 9 |  9.2
Earth Magic    | 1 2 3 4 5 6 7 8 9 |  9.2
Poison Magic   | 1 2 3 4 5 6 7 8 9 |  9.2
Armour         | 5 6 7 8 9 10 11 | 11.6
Dodging        | 5 6 7 8 9 10 11 | 11.6
Fighting       | 7 8 9 10 11 12 | 12.4
Short Blades   | 7 8 9 10 11 12 | 12.4

Action                   |  1- 3 |  4- 6 |  7- 9 | 10-12 | 13-15 | 16-18 || total
-------------------------+-------+-------+-------+-------+-------+-------++-------
Melee: Short sword       |   112 |   170 |   367 |   992 |  2312 |   500 ||  4453
       Bite              |    12 |    18 |    45 |   180 |   446 |   108 ||   809
       Punch             |       |     1 |    10 |    41 |     2 |       ||    54
Invok: Berserk           |       |     1 |     3 |     9 |    18 |     4 ||    35
       Trog's Hand       |       |     1 |       |    10 |    18 |     5 ||    34
       Brothers in Arms  |       |       |       |     2 |     1 |     1 ||     4
Evoke: Lightning rod     |       |       |       |       |     2 |     3 ||     5
  Use: Scroll            |       |       |    12 |     6 |    13 |     1 ||    32
       Potion            |       |       |       |       |     1 |     2 ||     3
 Stab: Sleeping          |     1 |     2 |     5 |       |     1 |     1 ||    10
       Distracted        |       |       |       |     1 |     1 |       ||     2
Armor: Animal skin       |    17 |    15 |     8 |       |       |       ||    40
       Chain mail        |       |       |   110 |   316 |   375 |    90 ||   891
Dodge: Dodged            |    68 |   115 |   154 |   601 |   878 |   226 ||  2042
Block: Kite shield       |       |       |       |       |   917 |   260 ||  1177
